 Dungeon Sprint DCSS version 0.30-a0-883-g5ad918d77d (webtiles) character file.

Game seed: 9474719887418715379

169 sircluck the Trooper (level 5, -3/38 HPs)
             Began as a Gargoyle Fighter on Mar 16, 2023.
             Slain by a wizard
             ... wielding a +0 dagger
              (7 damage)
             ... in the Dungeon (Sprint III: "The Ten Rune Challenge").
             The game lasted 00:01:18 (268 turns).

sircluck the Trooper (Gargoyle Fighter)              Turns: 268, Time: 00:01:19

Health: -3/38      AC: 11    Str: 19    XL:     5   Next: 50%
Magic:  5/5        EV:  9    Int:  9    God:
Gold:   24         SH:  5    Dex:  9    Spells: 4/4 levels left

rFire   . . .      SeeInvis .    a - +0 flail
rCold   . . .      Faith    .    c - +0 buckler
rNeg    + . .      Spirit   .    b - +0 scale mail
rPois   ∞          Reflect  .    (no helmet)
rElec   +          Rampage  .    (no cloak)
rCorr   .          NoTele   +    (no gloves)
Will    .....                    (no boots) Stlth
                                 (no amulet)
HPRegen 0.26/turn                (no ring)
MPRegen 0.09/turn                (no ring)

@: on berserk cooldown, slowed, very slow
A: sickness immunity, AC +4, negative energy resistance 1, electricity
resistance, torment resistance 1, petrification resistance, weak 1
a: no special abilities


You were in the Dungeon.
You visited 1 branch You collected 24 gold pieces.

Inventory:

Hand Weapons
 a - a +0 flail (weapon)
Armour
 b - a +0 scale mail (worn)
 c - a +0 buckler (worn)
Scrolls
 j - a scroll of blinking
 l - a scroll of poison {unknown}
 m - 3 scrolls of identify
 o - a scroll of torment {unknown}
Potions
 d - a potion of might
 e - 2 potions of curing
 f - a potion of heal wounds
 g - a potion of haste
 h - 2 potions of magic
 i - a potion of berserk rage
 k - 3 potions of mutation {unknown}
 n - 3 potions of flight


   Skills:
 + Level 7.0 Fighting
 + Level 5.1 Maces & Flails
 + Level 6.9 Armour
 + Level 0.3 Dodging
 + Level 6.7 Shields


You had 4 spell levels left.
You didn't know any spells.
Your spell library was empty.

Dungeon Overview and Level Annotations

Branches:
Dungeon (1/1)

Altars:
Kikubaaqudgha
Sif Muna
Vehumet


Innate Abilities, Weirdness & Mutations

You are immune to sickness and miasma.
Your stone body is resilient. (AC +4)
You are immune to poison.
You resist negative energy. (rN+)
You are resistant to electric shocks. (rElec)
You are resistant to unholy torment.
You are immune to petrification.
You are weak. (Str -2)


Message History

Something hits you but does no damage.
There is an open door here.
You hit the kobold demonologist but do no damage.
The kobold demonologist hits you but does no damage.
Something hits you but does no damage.
You hit the kobold demonologist.
The kobold demonologist is moderately wounded.
The kobold demonologist casts a spell.
You block something's attack. Something hits you but does no damage.
The kobold demonologist hits you with a +0 dagger.
You closely miss the kobold demonologist.
The kobold demonologist is moderately wounded.
The kobold demonologist hits you with a +0 dagger.
Something hits you.
The neqoxec hits you but does no damage.
You block something's attack.
The kobold demonologist hits you with a +0 dagger.
You hit the kobold demonologist.
The kobold demonologist is severely wounded.
The neqoxec gestures at you.
Strange energies course through your body.
You feel weaker.
The kobold demonologist hits you with a +0 dagger.
Something hits you but does no damage.
The neqoxec hits you but does no damage.
You barely miss the kobold demonologist.
The kobold demonologist is severely wounded.
The kobold demonologist hits you but does no damage.
Something hits you.
* * * LOW HITPOINT WARNING * * *
The neqoxec closely misses you.
The kobold demonologist hits you but does no damage.
Something hits you.
* * * LOW HITPOINT WARNING * * *
The neqoxec barely misses you.
You miss the kobold demonologist.
The kobold demonologist is severely wounded.
The kobold demonologist casts a spell.
Something hits you!
You die...

#..#....♣.♣ ♣♣.#
####......♣ ♣..#
...#....~♣♣♣♣..###+#+###
...#...~~..♣...#........
..)#..~~~~♣♣...'.⌠......
##'#..~≈≈~~~.♣.#...#####
.†)#.~~≈~~~....#.⌠.#
...#.~≈~~~.....#.3.#
...#.~~~.......#@###
####...........#K{5#
...............#_5_#
▓▓▓▓▓▓▓▓▓▓▓▓▓▓▓▓▓▓▓▓


You could see a kobold demonologist, a neqoxec (summoned), an iron imp
(summoned) and a crimson imp (summoned).

Vanquished Creatures
  A scorpion (D)
  A water elemental (D)
  Jessica (D)
  A human (D)
  2 endoplasms (D)
  A rat (D)
7 creatures vanquished.

Vanquished Creatures (others)
  2 plants (D)
2 creatures vanquished.

Grand Total: 9 creatures vanquished

Notes
Turn   | Place    | Note
-------+----------+-------------------------------------------
     0 | D        | sircluck the Gargoyle Fighter began the quest for the Orb.
     0 | D        | Reached XP level 1. HP: 14/14 MP: 1/1
    11 | D        | Noticed Jessica
    15 | D        | Killed Jessica
    16 | D        | Reached skill level 4 in Fighting
    16 | D        | Reached XP level 2. HP: 10/20 MP: 2/2
    16 | D        | Reached XP level 3. HP: 13/25 MP: 3/3
   107 | D        | Reached skill level 5 in Fighting
   107 | D        | Reached skill level 5 in Armour
   107 | D        | Reached skill level 5 in Shields
   141 | D        | Noticed a scorpion
   154 | D        | Killed a scorpion
   155 | D        | Reached skill level 6 in Fighting
   155 | D        | Reached XP level 4. HP: 23/32 MP: 4/4
   247 | D        | Noticed a water elemental
   255 | D        | Killed a water elemental
   256 | D        | Reached skill level 7 in Fighting
   256 | D        | Reached skill level 5 in Maces & Flails
   256 | D        | Reached XP level 5. HP: 38/38 MP: 5/5
   261 | D        | Found a radiant altar of Vehumet.
   261 | D        | Found a shimmering blue altar of Sif Muna.
   261 | D        | Found an ancient bone altar of Kikubaaqudgha.
   265 | D        | Noticed a neqoxec
   266 | D        | Gained mutation: You are weak. (Str -2) [a neqoxec]
   268 | D        | Slain by a wizard

Illustrated notes

Levels and vault maps discovered:
D:        dungeon_sprint_mu [sprint_mu_entry_forest, sprint_mu_temple_rooms,
          sprint_mu_d1_spiders, sprint_mu_d2_genie, sprint_mu_d3_branching,
          sprint_mu_orc_legion, sprint_mu_elf_gauntlet, sprint_mu_hive_nellie,
          sprint_mu_lair_fedhas, sprint_mu_vaults_butterflies,
          sprint_mu_slime_circle, sprint_mu_swamp_cave, sprint_mu_shoals_archi,
          sprint_mu_blade_basic, sprint_mu_crypt_chambers,
          sprint_mu_tomb_spiral, sprint_mu_vestibule_basic,
          sprint_mu_gehenna_hellfire, sprint_mu_dis_giant,
          sprint_mu_tartarus_statrot, sprint_mu_cocytus_islands, sprint_mu_zot1]

Skill      XL: |  1  2  3  4 |
---------------+-------------+-----
Fighting       | 4 6 7 |  7.0
Armour         | 4 6 |  6.9
Shields        | 4 6 |  6.7
Maces & Flails | 4 5 |  5.1
Dodging        | |  0.3

Action                     |  1- 3 |  4- 6 || total
---------------------------+-------+-------++-------
  Melee: Flail             |    25 |    13 ||    38
    Use: Potion            |       |     1 ||     1
 Armour: Scale mail        |    12 |    10 ||    22
  Dodge: Dodged            |     9 |     5 ||    14
  Block: Buckler           |     4 |     3 ||     7

Table legend: (Time is in decaauts)
 A = Elapsed time spent in this place.
 B = Non-inter-level travel time spent in this place.
 C = Inter-level travel time spent in this place.
 D = Time resting spent in this place.
 E = Time spent auto-exploring this place.
 F = Levels seen in this place.
 G = Mean time per level.
                   A        B        C        D        E       F      G
               +--------+--------+--------+--------+--------+-----+--------+
         Total |    284 |    264 |     20 |     78 |      5 |   1 |  284.0 |
       Dungeon |    284 |    264 |     20 |     78 |      5 |   1 |  284.0 |
               +--------+--------+--------+--------+--------+-----+--------+

Top non-repeatable levels by time:
       D: 284 daAuts
